 Dungeon Crawl Stone Soup version 0.31-a0-968-g24f9ace8b5 (webtiles) character file.

Game seed: 12625560397037607187

9607 Dittersdorf the Protected (level 11, -1/72 HPs)
             Began as a Gargoyle Fighter on Oct 27, 2023.
             Was a High Priest of Okawaru.
             Slain by a large slime creature (13 damage)
             ... on level 9 of the Dungeon.
             The game lasted 00:16:55 (10116 turns).

Dittersdorf the Protected (Gargoyle Fighter)       Turns: 10116, Time: 00:16:56

Health: -1/72      AC: 28    Str: 24    XL:     11   Next: 49%
Magic:  20/20      EV:  5    Int:  9    God:    Okawaru [*****.]
Gold:   682        SH: 20    Dex:  9    Spells: 10/10 levels left

rFire   . . .        f - +0 morningstar
rCold   . . .        H - +0 tower shield
rNeg    + . .        C - +0 plate armour
rPois   ∞            b - +0 helmet
rElec   +            B - +0 cloak
rCorr   +            e - +0 pair of gloves
SInv    .            u - +0 pair of boots
Will    .....        p - amulet of reflection Stlth
                     w - ring of resist corrosion
HPRegen 0.32/turn    D - ring of magical power
MPRegen 0.17/turn

%: reflection
@: no status effects
A: sickness immunity, AC +8, negative energy resistance 1, electricity
resistance, torment resistance 1, petrification resistance
a: Renounce Religion, Heroism, Finesse, Duel


You were on level 9 of the Dungeon.
You worshipped Okawaru.
Okawaru was extremely pleased with you.
You visited 2 branches of the dungeon, and saw 10 of its levels.
You also visited: Sewer.

You collected 682 gold pieces.

Inventory:

Hand Weapons
 f - a +0 morningstar (weapon)
Missiles
 s - 5 curare-tipped darts (quivered)
 t - 2 poisoned darts
 G - 2 throwing nets
Armour
 b - a +0 helmet (worn)
 e - a +0 pair of gloves (worn)
 u - a +0 pair of boots (worn)
 B - a +0 cloak (worn)
 C - a +0 plate armour (worn)
 H - a +0 tower shield (worn)
Jewellery
 p - an amulet of reflection (around neck)
 w - a ring of resist corrosion (left hand)
 D - a ring of magical power (right hand)
Wands
 q - a wand of iceblast (8)
Scrolls
 a - 2 scrolls of teleportation {unknown}
 c - 2 scrolls of blinking {unknown}
 g - 2 scrolls of summoning
 o - a scroll of amnesia {unknown}
 y - a scroll of enchant weapon
 A - a scroll of fear
 E - 2 scrolls of vulnerability {unknown}
 F - a scroll of enchant armour {unknown}
 I - a scroll of brand weapon {unknown}
 J - a scroll of revelation
Potions
 d - 3 potions of might
 h - a potion of berserk rage
 i - 2 potions of mutation
 j - 2 potions of enlightenment
 k - a potion of invisibility
 l - 3 potions of brilliance
 m - 5 potions of curing
 n - 2 potions of magic {unknown}
 r - 3 potions of heal wounds {unknown}
 v - a potion of cancellation
 x - a potion of haste
 z - a potion of resistance


   Skills:
 + Level 10.3 Fighting
 + Level 9.2 Maces & Flails
 + Level 10.3 Armour
 + Level 10.3 Shields


You had 10 spell levels left.
You didn't know any spells.
Your spell library contained the following spells:

 Spells                   Type           Power      Damage    Failure   Level
 Freeze                   Ice            0%         1d3       100%        1
 Sting                    Tmut/Pois      0%         1d3       100%        1
 Poisonous Vapours        Pois/Air       0%         N/A       100%        2
 Frozen Ramparts          Ice            0%         1d1       100%        3
 Hailstorm                Conj/Ice       0%         3d3       100%        3
 Mephitic Cloud           Conj/Pois/Air  0%         N/A       100%        3
 Passage of Golubria      Tloc           0%         N/A       100%        4
 Freezing Cloud           Conj/Ice/Air   0%         6-21      100%        5
 Yara's Violent Unravell  Hex/Tmut       0%         3d3       100%        5
 Eringya's Noxious Bog    Tmut/Pois      0%         4d6       100%        6
 Call Imp                 Summ           Unusable   N/A       N/A         2
 Tukima's Dance           Hex            Unusable   N/A       N/A         3
 Haunt                    Necr/Summ      Unusable   N/A       N/A         7

Dungeon Overview and Level Annotations

Branches:
Dungeon (9/15)             Temple (1/1) D:4           Sewer (visited)
   Lair: D:8-11         Orc: D:9-12

Altars:
Ashenzari
Cheibriados
Dithmenos
Elyvilon
Fedhas
Gozag
Hepliaklqana
Kikubaaqudgha
Makhleb
Nemelex Xobeh
Okawaru
Qazlal
Ru
Sif Muna
Trog
Uskayaw
Vehumet
Wu Jian
Xom
Yredelemnul
The Shining One


Innate Abilities, Weirdness & Mutations

You are immune to sickness and miasma.
Your stone body is resilient. (AC +8)
You are immune to poison.
You resist negative energy. (rN+)
You are resistant to electric shocks. (rElec)
You are resistant to unholy torment.
You are immune to petrification.


Message History

The large slime creature is severely wounded.
You block the large slime creature's attack. x2
You hit the large slime creature but do no damage.
The large slime creature is severely wounded.
The large slime creature barely misses you.
You hit the large slime creature.
The large slime creature is severely wounded.
The large slime creature hits you.
You hit the large slime creature.
The large slime creature is severely wounded.
The large slime creature hits you!!
* * * LOW HITPOINT WARNING * * *
The arcanist gestures wildly while chanting.
The arcanist seems to speed up.
You are too injured to fight recklessly!
You are too injured to fight recklessly!
You are too injured to fight recklessly!
You are too injured to fight recklessly!
You are too injured to fight recklessly!
You are too injured to fight recklessly!
You are too injured to fight recklessly!
You are too injured to fight recklessly!
You are too injured to fight recklessly!
You are too injured to fight recklessly!
You are too injured to fight recklessly!
You are too injured to fight recklessly!
You are too injured to fight recklessly!
You are too injured to fight recklessly!
You bludgeon the large slime creature!!
The large slime creature is almost dead.
The large slime creature hits you but does no damage.
The large slime creature hits you!
* * * LOW HITPOINT WARNING * * *
You barely miss the large slime creature.
The large slime creature is almost dead.
The large slime creature completely misses you.
You barely miss the large slime creature.
The large slime creature is almost dead.
The large slime creature hits you!
You die...

####### #.....# #.....#
#.....# ####### ##....#
#..yJ.## #....####
#...#..# #####.......#
#..T##{####..##.......#
#..y##.pJ@....#.......#
#J.J#######..........###
...o# ##...##.##....##
....V# #....#...#.....#
).....#
##....#...#....##
########
#.....#8_8#..#####
#.....#####....#.. ###
##................ ##.#
##................


You could see a large slime creature and an arcanist (fast).

Vanquished Creatures
  2 two-headed ogres
  Pikel (D:5)
  A hornet (D:8)
  A troll (D:9)
  Prince Ribbit (D:5)
  Grinder (D:3)
  2 wraiths (D:9)
  15 yaks
  Eustachio (D:6)
  Menkaure (D:6)
  An acid dragon (D:8)
  Edmund (D:6)
  2 water moccasins (D:6)
  A sky beast (D:7)
  2 orc warriors
  2 black bears
  4 ogres (D:4)
  8 kobold brigands
  A phantom (D:6)
  Blork the orc (D:5)
  2 bullfrogs
  6 gnoll sergeants
  7 scorpions
  A vampire bat (D:5)
  8 hounds
  2 gnoll boudas (D:9)
  2 quasits (Sewer)
  8 orc priests
  Crazy Yiuf (D:2)
  Ijyb (D:3)
  2 sleepcaps (D:6)
  Jessica (D:2)
  7 iguanas
  Terence (D:3)
  5 orc wizards
  Robin (D:3)
  6 adders
  33 gnolls
  4 shadow imps
  4 ufetubi
  An adder zombie (Sewer)
  2 dart slugs
  27 orcs
  10 ball pythons
  4 bat skeletons (D:5)
  2 bat zombies (D:5)
  5 endoplasms
  6 giant cockroaches
  14 goblins
  11 hobgoblins
  9 jackals
  2 quokkas
  4 bats
  5 frilled lizards
  52 kobolds
  5 rats
310 creatures vanquished.

Vanquished Creatures (collateral kills)
  A goblin (D:4)
1 creature vanquished.

Vanquished Creatures (others)
  A bat zombie (Sewer)
  A kobold zombie (Sewer)
2 creatures vanquished.

Grand Total: 313 creatures vanquished

Notes
Turn   | Place    | Note
-------+----------+-------------------------------------------
     0 | D:1      | Dittersdorf the Gargoyle Fighter began the quest for the
                  | Orb.
     0 | D:1      | Reached XP level 1. HP: 14/14 MP: 1/1
    86 | D:1      | Reached XP level 2. HP: 19/19 MP: 2/2
   207 | D:1      | You fall into a shaft and drop 1 floor!
   231 | D:2      | Reached XP level 3. HP: 16/23 MP: 3/3
   286 | D:2      | Noticed Jessica
   305 | D:2      | Killed Jessica
   403 | D:2      | Reached XP level 4. HP: 28/29 MP: 4/4
   559 | D:2      | Found a radiant altar of Vehumet.
  1521 | D:2      | Found a runed translucent door.
  1522 | D:2      | Noticed Crazy Yiuf
  1532 | D:2      | Killed Crazy Yiuf
  1533 | D:2      | Reached XP level 5. HP: 21/33 MP: 5/5
  1742 | D:3      | Noticed Ijyb
  1767 | D:3      | Killed Ijyb
  2161 | D:3      | Noticed Terence
  2181 | D:3      | Killed Terence
  2268 | D:3      | Noticed Grinder
  2285 | D:3      | Paralysed by Grinder for 5 turns
  2295 | D:3      | Killed Grinder
  2296 | D:3      | Reached XP level 6. HP: 21/40 MP: 6/6
  2504 | D:3      | Noticed Robin
  2544 | D:3      | Killed Robin
  2839 | D:3      | Reached skill level 5 in Armour
  2953 | D:4      | Reached skill level 5 in Fighting
  2953 | D:4      | Reached skill level 5 in Shields
  2953 | D:4      | Reached XP level 7. HP: 39/44 MP: 7/7
  2981 | D:4      | Found a staircase to the Ecumenical Temple.
  3014 | Temple   | Entered the Ecumenical Temple
  3021 | Temple   | Became a worshipper of Warmaster Okawaru
  3152 | D:4      | Found the +6 shillelagh "Devastator" {shatter}
  3160 | D:4      | Reached XP level 8. HP: 40/51 MP: 8/8
  3212 | D:4      | Found a glowing drain.
  3238 | Sewer    | Entered a sewer
  3384 | Sewer    | Reached skill level 5 in Maces & Flails
  3446 | Sewer    | Found a burning altar of Makhleb.
  3941 | D:4      | Reached * piety under Okawaru
  4165 | D:5      | Entered Level 5 of the Dungeon
  4703 | D:5      | Noticed Prince Ribbit
  4717 | D:5      | Killed Prince Ribbit
  4790 | D:5      | Found a bloodstained altar of Trog.
  4832 | D:5      | Found an ancient bone altar of Kikubaaqudgha.
  4835 | D:5      | Reached XP level 9. HP: 56/56 MP: 9/9
  4868 | D:5      | Noticed Pikel
  4885 | D:5      | Killed Pikel
  4885 | D:5      | Reached ** piety under Okawaru
  4986 | D:5      | Noticed Blork the orc
  4991 | D:5      | Killed Blork the orc
  5053 | D:5      | Found a hide-covered altar of Uskayaw.
  5507 | D:6      | Noticed Menkaure
  5514 | D:6      | Killed Menkaure
  5566 | D:6      | Noticed Eustachio
  5600 | D:6      | Killed Eustachio
  5656 | D:6      | Noticed Edmund
  5675 | D:6      | Killed Edmund
  5741 | D:6      | Reached *** piety under Okawaru
  6224 | D:6      | Reached XP level 10. HP: 54/64 MP: 10/10
  6997 | D:7      | Reached **** piety under Okawaru
  7719 | D:7      | Found a stormy altar of Qazlal.
  7720 | D:7      | Found a white marble altar of Elyvilon.
  7824 | D:8      | Identified the of Qeczirya
  8213 | D:8      | Found a sacrificial altar of Ru.
  8234 | D:8      | Found a snail-covered altar of Cheibriados.
  8241 | D:8      | Noticed a two-headed ogre
  8250 | D:8      | Killed a two-headed ogre
  8250 | D:8      | Reached ***** piety under Okawaru
  8743 | D:9      | Reached XP level 11. HP: 71/71 MP: 11/11
  8782 | D:9      | Found an opulent altar of Gozag.
  9233 | D:8      | Received a gift from Okawaru
  9408 | D:9      | Reached skill level 10 in Armour
  9545 | D:9      | Noticed a two-headed ogre
  9554 | D:9      | Killed a two-headed ogre
  9555 | D:9      | Reached skill level 10 in Fighting
  9555 | D:9      | Reached skill level 10 in Shields
  9920 | D:9      | Found a shadowy altar of Dithmenos.
 10087 | D:9      | Noticed an arcanist
 10116 | D:9      | Slain by a large slime creature

Illustrated notes

Levels and vault maps discovered:
D:1:      dpeg_arrival_erosion, layout_loops_ring
D:2:      layout_loops_ring, basic_altar, minivault_25, uniq_crazy_yiuf_cottage,
          uniq_jessica
D:3:      layout_loops_corners, grunt_decor_resistance, uniq_robin,
          uniq_terence, uniq_grinder, uniq_ijyb
D:4:      layout_loops_ring, minmay_temple_entry_junction_2,
          portal_sewer_entry_a, dilly_guarded_unrand_devastator
D:5:      layout_basic, nicolae_uskayaw_suspiria, kennysheep_vampire_church,
          mainiacjoe_overflow_24_doors, st_stairs_4, uniq_blork_the_orc,
          uniq_prince_ribbit1, uniq_pikel
D:6:      layout_gridville, grunt_decor_fettered, minivault_10, chequers_jeans,
          minmay_circle_x, uniq_eustachio, uniq_edmund, uniq_menkaure
D:7:      layout_rooms, nicolae_overflow_hidden_temple,
          amcnicky_mini_rare_corridor_liquid
D:8:      layout_basic, mainiacjoe_overflow_catch_the_wave
D:9:      minmay_shrinking_squares, layout_cave_pools, kennysheep_mini,
          grunt_gozag_breadcrumbs, serial_gnoll_camp, gnoll_camp_huts_basic,
          gnoll_camp_mini_sergeant, gnoll_camp_medium_02, gnoll_camp_mini_hut
Temple:   nicolae_temple_no_exploring_needed

Skill      XL: |  1  2  3  4  5  6  7  8  9 10 11 |
---------------+----------------------------------+-----
Armour         | 4 5 6 8 9 10 | 10.3
Shields        | 4 5 6 8 9 10 | 10.3
Fighting       | 4 5 6 8 9 10 | 10.3
Maces & Flails | 3 4 5 7 8 9 |  9.2

Action                     |  1- 3 |  4- 6 |  7- 9 | 10-12 || total
---------------------------+-------+-------+-------+-------++-------
  Melee: Flail             |    74 |   238 |   213 |       ||   525
         Morningstar       |       |       |   188 |   674 ||   862
  Throw: Dart              |       |     8 |    18 |     5 ||    31
    Use: Scroll            |       |       |    16 |     4 ||    20
 Armour: Scale mail        |    60 |   113 |       |       ||   173
         Chain mail        |       |    88 |   527 |   332 ||   947
         Plate armour      |       |       |       |   487 ||   487
  Dodge: Dodged            |    33 |   106 |   272 |   243 ||   654
  Block: Buckler           |    19 |    53 |   167 |   199 ||   438
         Tower shield      |       |       |       |   726 ||   726
         Reflection        |       |       |       |    16 ||    16

Table legend: (Time is in decaauts)
 A = Elapsed time spent in this place.
 B = Non-inter-level travel time spent in this place.
 C = Inter-level travel time spent in this place.
 D = Time resting spent in this place.
 E = Time spent auto-exploring this place.
 F = Levels seen in this place.
 G = Mean time per level.
                   A        B        C        D        E       F      G
               +--------+--------+--------+--------+--------+-----+--------+
         Total |  10464 |  10108 |    356 |   1345 |   5715 |  11 |  951.3 |
       Dungeon |  10014 |   9658 |    356 |   1297 |   5515 |   9 | 1112.7 |
        Temple |     14 |     14 |      0 |      0 |      0 |   1 |   14.0 |
         Sewer |    435 |    435 |      0 |     48 |    200 |   1 |  435.0 |
               +--------+--------+--------+--------+--------+-----+--------+

Top non-repeatable levels by time:
     D:6: 1462 daAuts
     D:3: 1331 daAuts
     D:9: 1319 daAuts
     D:4: 1114 daAuts
     D:8: 1099 daAuts
     D:5: 1073 daAuts
     D:2: 969 daAuts
     D:7: 908 daAuts
     D:1: 734 daAuts
   Sewer: 435 daAuts
  Temple: 14 daAuts
